Map: Eternal Empire LE

Players

JohnnyV - Winner!

  • Race: Terran Terran
  • League: Silver
  • Spawn Location: 7:00

다뒤졌어

  • Race: Protoss Protoss
  • League: Silver
  • Spawn Location: 1:00

VOD

Have the link to the VOD?

Description

Time

  • Played on: May 5, 2020, 9:40 p.m.
  • Length: 14:47
Show
View Real Time Build Order
Export as new Build Order

JohnnyV Terran - Winner!

Build Orders:  

Get SALT Encoding   

  12  0:01  SCV  
  13  0:17  SCV, Supply Depot  
  14  0:26  Refinery  
  14  0:29  SCV  
  15  0:42  Barracks  
  15  0:46  SCV  
  16  0:58  SCV  
  17  1:10  SCV  
  18  1:20  Supply Depot  
  18  1:22  SCV  
  19  1:31  Reaper  
  20  1:34  SCV  
  20  1:36  Bunker  
  21  1:44  Refinery  
  21  1:46  SCV  
  22  2:00  Orbital Command, Factory  
  22  2:15  Barracks Reactor  
  22  2:32  Command Center  
  22  2:43  SCV  
  23  2:49  Factory Tech Lab  
  23  2:52  Marine x2  
  23  2:55  SCV  
  26  3:08  Siege Tank  
  26  3:10  Supply Depot  
  26  3:11  Marine x2  
  31  3:15  Supply Depot  
  30  3:30  Engineering Bay  
  30  3:33  SCV  
  31  3:34  Marine x2  
  33  3:44  Starport  
  33  3:46  SCV  
  34  3:57  Supply Depot  
  34  4:10  Marine x2  
  34  4:14  Orbital Command  
  36  4:25  Liberator  
  36  4:30  Marine  
  36  4:31  Marine  
  41  4:35  Siege Tank  
  41  4:37  SCV  
  45  4:52  Marine x2  
  47  4:58  Barracks  
  47  5:01  Barracks  
  47  5:03  SCV  
  47  5:04  SCV  
  49  5:12  Starport Reactor  
  49  5:13  Marine x2  
  51  5:21  Terran Infantry Weapons Level 1  
  51  5:23  Siege Tank  
  54  5:31  Refinery  
  54  5:33  Refinery, Marine  
  55  5:38  SCV x2  
  57  5:56  Barracks Tech Lab x2  
  57  6:02  Command Center  
  57  6:03  Marine  
  58  6:10  Viking  
  57  6:16  Viking  
  57  6:18  Marine  
  60  6:28  Combat Shield  
  60  6:30  Concussive Shells  
  60  6:33  Marauder x2  
  64  6:48  SCV x2  
  64  6:49  Marine x2  
  68  6:54  Marine  
  68  6:59  Supply Depot, Cyclone  
  72  7:01  Supply Depot  
  72  7:06  Missile Turret  
  72  7:08  Missile Turret  
  72  7:09  Missile Turret  
  72  7:13  Missile Turret  
  72  7:27  Sensor Tower  
  72  7:52  Marine x3  
  72  7:53  Marauder  
  72  7:54  Medivac x2  
  72  7:57  Terran Infantry Armor Level 1  
  81  8:06  Armory  
  81  8:08  Armory  
  81  8:09  Supply Depot  
  81  8:10  SCV x2  
  81  8:11  Marauder, Marine x2  
  87  8:14  Marine  
  88  8:28  Marine  
  82  8:44  Medivac x2  
  89  8:48  Cyclone  
  89  8:51  Marine x2  
  91  8:57  Marine x2  
  91  9:01  Stimpack  
  93  9:03  Terran Vehicle Weapons Level 1  
  93  9:12  Planetary Fortress  
  93  9:15  Marauder x2  
  93  9:16  Marine x2  
  99  9:34  Marine x2  
  99  9:35  Medivac  
  99  9:36  Marine  
  99  9:37  Marauder  
  106  9:50  SCV x2  
  106  9:51  Marine  
  106  9:52  Marine  
  110  9:55  Marauder  
  110  9:58  Marine  
  113  10:01  Barracks  
  113  10:02  Refinery  
  113  10:07  Refinery  
  113  10:09  Marine  
  114  10:22  Siege Tank  
  117  10:38  SCV x3  
  117  10:39  Supply Depot x2, Terran Vehicle And Ship Armor Level 1  
  120  10:47  Marine x4  
  124  10:51  Barracks Reactor  
  124  10:56  Terran Infantry Armor Level 2  
  124  11:01  Siege Tank  
  127  11:05  Marine  
  127  11:06  Marine x2  
  130  11:16  Marauder  
  132  11:23  Marine  
  132  11:24  Marauder  
  132  11:25  Engineering Bay  
  135  11:30  Terran Vehicle Weapons Level 2  
  129  12:28  Marine x6  
  127  12:42  Siege Tank  
  130  12:45  Marine x2  
  130  12:46  Marine x4  
  136  13:03  Marine x3  
  136  13:04  Marine x2  
  141  13:18  Marine  
  141  13:27  Marine  
  141  13:30  Supply Depot x2  
  141  13:32  Supply Depot  
  140  13:35  Siege Tank  
  143  13:44  Marine x5  
  148  13:53  Supply Depot  
  148  13:54  Supply Depot  
  148  14:07  Siege Tank  
Show
View Real Time Build Order
Export as new Build Order

다뒤졌어 Protoss 

Build Orders: Cannon Rush 

Get SALT Encoding   

  12  0:01  Probe (Chrono Boost)  
  13  0:12  Probe (Chrono Boost)  
  14  0:20  Pylon  
  14  0:39  Forge  
  14  0:44  Probe, Pylon  
  15  0:58  Gateway  
  15  1:00  Probe  
  16  1:17  Photon Cannon  
  16  1:22  Photon Cannon  
  16  1:35  Photon Cannon  
  16  1:43  Photon Cannon  
  16  1:56  Cybernetics Core  
  16  1:59  Probe (Chrono Boost)  
  18  2:10  Probe (Chrono Boost)  
  18  2:11  Assimilator  
  18  2:15  Probe (Chrono Boost)  
  18  2:16  Assimilator  
  19  2:26  Probe (Chrono Boost)  
  20  2:31  Probe (Chrono Boost)  
  21  2:41  Probe  
  22  2:54  Photon Cannon  
  22  3:07  Stargate  
  22  3:18  Nexus  
  22  3:52  Stargate  
  22  3:54  Pylon  
  22  4:00  Void Ray  
  26  4:04  Pylon  
  26  4:20  Photon Cannon  
  26  4:25  Pylon  
  26  4:30  Probe (Chrono Boost)  
  27  4:35  Probe (Chrono Boost)  
  28  4:40  Probe (Chrono Boost)  
  28  4:43  Probe (Chrono Boost)  
  30  4:46  Shield Battery  
  30  4:53  Shield Battery  
  30  5:01  Photon Cannon  
  30  5:09  Photon Cannon  
  30  5:13  Probe  
  31  5:25  Probe, Shield Battery  
  32  5:29  Shield Battery  
  32  5:35  Photon Cannon  
  32  5:40  Probe (Chrono Boost)  
  34  5:50  Probe (Chrono Boost)  
  34  5:55  Probe (Chrono Boost), Photon Cannon  
  30  6:09  Probe  
  31  6:12  Void Ray  
  31  6:16  Void Ray  
  39  6:21  Probe  
  39  6:23  Probe  
  41  6:33  Probe  
  41  6:35  Probe  
  41  6:39  Fleet Beacon  
  43  6:47  Probe (Chrono Boost)  
  44  6:58  Void Ray  
  44  6:59  Probe (Chrono Boost)  
  49  7:02  Void Ray  
  49  7:03  Probe (Chrono Boost)  
  54  7:09  Pylon  
  54  7:12  Assimilator  
  54  7:14  Assimilator  
  54  7:19  Probe  
  55  7:25  Photon Cannon  
  55  7:31  Probe  
  55  7:32  Photon Cannon  
  55  7:36  Shield Battery x2  
  56  8:08  Stargate  
  56  8:23  Flux Vanes  
  56  8:31  Pylon  
  43  8:49  Void Ray  
  47  8:57  Robotics Facility  
  47  9:11  Probe (Chrono Boost)  
  48  9:18  Photon Cannon  
  48  9:21  Probe (Chrono Boost), Photon Cannon  
  49  9:26  Probe (Chrono Boost)  
  49  9:27  Photon Cannon  
  50  9:33  Pylon  
  50  9:38  Probe  
  51  9:43  Nexus  
  51  9:46  Void Ray  
  51  9:47  Void Ray  
  51  9:50  Probe  
  60  9:55  Pylon  
  60  9:57  Pylon  
  60  10:06  Robotics Facility  
  60  10:11  Robotics Bay  
  60  10:13  Photon Cannon  
  60  10:15  Photon Cannon  
  60  10:18  Photon Cannon  
  60  10:20  Shield Battery  
  60  10:21  Shield Battery  
  60  10:23  Shield Battery  
  60  10:27  Shield Battery  
  60  10:30  Photon Cannon  
  60  10:48  Void Ray  
  60  10:49  Void Ray  
  68  10:55  Assimilator  
  68  10:58  Assimilator  
  68  11:00  Probe (Chrono Boost)  
  69  11:05  Pylon  
  69  11:06  Protoss Air Weapons Level 1  
  69  11:09  Probe (Chrono Boost)  
  70  11:14  Probe (Chrono Boost)  
  71  11:26  Probe  
  71  11:28  Disruptor x2 (Chrono Boost)  
  78  11:38  Probe  
  79  11:50  Probe  
  79  11:52  Stargate  
  80  11:54  Photon Cannon  
  80  11:57  Photon Cannon  
  80  12:02  Probe  
  80  12:07  Pylon  
  85  12:32  Void Ray (Chrono Boost)  
  54  12:53  Void Ray (Chrono Boost), Tempest (Chrono Boost)  
  58  13:18  Disruptor x2 (Chrono Boost)  
  48  13:29  Void Ray  
  48  13:33  Pylon  
  52  13:40  Void Ray  
  56  13:46  Disruptor  
  56  13:56  Photon Cannon  
  56  13:58  Photon Cannon  
  55  14:16  Observer  
Tags
 
Add a new tag
Caveats
  • Supply blocks, unpowered buildings, or Contaminate may cause inaccurate times.
  • Supply counts are checked every 10 seconds.